 Dungeon Crawl Stone Soup version 0.24-a0-493-g7e4ddcd485 (webtiles) character file.

Game seed: 17727581879504015195

494 KapersCrawl the Chiller (level 6, -5/51 HPs)
             Began as a Draconian Ice Elementalist on July 12, 2019.
             Splashed by Ijyb's acid (13 damage)
             ... on level 4 of the Dungeon.
             The game lasted 00:15:50 (4593 turns).

KapersCrawl the Chiller (DrIE)                      Turns: 4593, Time: 00:15:51

Health: -5/51      AC:  8    Str: 10    XL:     6   Next: 92%
Magic:  7/10       EV: 12    Int: 17    God:
Gold:   126        SH:  0    Dex: 12    Spells: 4/10 levels left

rFire    . . .     SeeInvis .   w - +4 quarterstaff (chaos)
rCold    . . .     Gourm    .   (shield currently unavailable)
rNeg     . . .     Faith    .   (armour unavailable)
rPois    .         Spirit   .   (helmet restricted)
rElec    .         Reflect  .   (no cloak)
rCorr    .         Harm     .   (no gloves)
MR       .....                  (no boots)
Stlth    ++........             (no amulet)
HPRegen  0.17/turn              (no ring)
MPRegen  0.12/turn              (no ring)

@: icy armour, corroded
A: unfitting armour, cold-blooded, AC +6
a: no special abilities


You were on level 4 of the Dungeon.
You were hungry.

You visited 1 branch of the dungeon, and saw 4 of its levels.

You collected 126 gold pieces.

Inventory:

Hand Weapons
 e - a +0 hunting sling of velocity
 w - a +4 quarterstaff of chaos (weapon)
Missiles
 k - 112 stones (quivered)
 l - 4 boomerangs
Jewellery
 p - the amulet of Holeph {RegenMP +Blink rF+, unknown}
   (You found it on level 4 of the Dungeon)

   [amulet of magic regeneration]

   It increases your magic regeneration.
   It protects you from fire.
   It lets you blink.
 q - a cursed amulet of inaccuracy {unknown}
Wands
 g - a wand of iceblast (17)
 t - a wand of enslavement (10)
Scrolls
 c - 2 scrolls of identify {unknown}
 d - a scroll of fog {unknown}
 f - a scroll of immolation {unknown}
 i - 3 scrolls of teleportation
 j - 2 scrolls of blinking {unknown}
 n - a scroll of noise {unknown}
 r - a scroll of fear {unknown}
Potions
 a - a potion of heal wounds {unknown}
 h - a potion of curing {unknown}
 m - 3 potions of lignification {unknown}
 s - a potion of might {unknown}
Comestibles
 b - 9 rations
 o - 6 chunks of flesh


   Skills:
 + Level 3.5 Fighting
 - Level 2.0 Dodging
 - Level 3.0 Stealth
 + Level 2.9 Spellcasting
 + Level 1.7 Conjurations
 + Level 2.5 Charms
 + Level 4.5 Ice Magic
 + Level 1.1 Evocations


You had 4 spell levels left.
You knew the following spells:

 Your Spells              Type           Power        Failure   Level  Hunger
a - Freeze                Ice            ###.         2%          1    None
b - Throw Frost           Conj/Ice       ##....       8%          2    ##.....
c - Ozocubu's Armour      Chrm/Ice       ##......     12%         3    ###....

Your spell library contained the following spells:

 Spells                   Type           Power        Failure   Level  Hunger
 Throw Icicle             Conj/Ice       ##......     43%         4    ####...
 Summon Ice Beast         Ice/Summ       ##......     56%         4    ####...


Dungeon Overview and Level Annotations

Branches:
Dungeon (4/15)
 Temple: D:4-7

Altars:
Okawaru

Annotations:
D:4 2 runed translucent doors, Gynju's ghost, amateur DrTm; Ijyb


Innate Abilities, Weirdness & Mutations

Your plain brown scales are hard. (AC +6)
You cannot fit into any form of body armour.
You are cold-blooded and may be slowed by cold attacks.


Message History

That item cannot be evoked!
Evoke which item? (* to show all) (? for menu, Esc to quit)
Aiming: Enslavement
Press: ? - help, Shift-Dir - straight line, f/p - iguana
Aim: an iguana (moderately wounded, chance to defeat MR: 58%)
The iguana is charmed.
The orc hits you but does no damage.
You closely miss the orc. The orc misses you.
The orc hits you but does no damage.
Your iguana bites the orc!
The orc dies!
You thump the orc!
You kill the orc!
You closely miss the orc. You tail-slap the orc.
The orc is lightly wounded.
The orc hits you with a +0 whip.
Your iguana bites the orc!
The orc dies!
You closely miss Ijyb.
Your iguana bites Ijyb!
Ijyb zaps a wand.
The bolt of acid hits you!
* * * LOW HITPOINT WARNING * * *
The acid corrodes you!
You are splashed with acid!
You die...

..##+#
##..##.##...
..g..?.##
#....#######
.......# ###..###
# ooo.#..#
###....#
..o....###.....##
.............####
o..#...#..#.....#
##g..###.....#
#@l..# #....##
#...## ####.#
#..## ### ####


You could see Ijyb and a friendly iguana.

Vanquished Creatures
  An ogre (D:3)
  3 orc priests
  2 orc wizards
  Crazy Yiuf (D:3)
  A worker ant (D:3)
  4 adders
  2 adder skeletons (D:4)
  3 worms
  3 leopard geckos
  13 orcs
  A ball python (D:4)
  4 giant cockroaches
  5 goblins
  11 hobgoblins
  7 jackals
  A quokka (D:2)
  5 bats
  3 frilled lizards (D:1)
  8 kobolds
  4 rats
82 creatures vanquished.

Vanquished Creatures (collateral kills)
  2 orcs (D:4)
2 creatures vanquished.

Vanquished Creatures (others)
  A phantom (D:4)
1 creature vanquished.

Grand Total: 85 creatures vanquished

Notes
Turn   | Place    | Note
-------+----------+-------------------------------------------
     0 | D:1      | KapersCrawl the Draconian Ice Elementalist began the quest
                  | for the Orb.
     0 | D:1      | Reached XP level 1. HP: 14/14 MP: 3/3
   325 | D:1      | Reached XP level 2. HP: 22/22 MP: 3/5
   342 | D:1      | Learned a level 2 spell: Throw Frost
   447 | D:1      | Reached skill level 1 in Fighting
  1188 | D:2      | Reached XP level 3. HP: 28/28 MP: 3/6
  1244 | D:2      | Learned a level 3 spell: Ozocubu's Armour
  2641 | D:3      | Reached XP level 4. HP: 34/36 MP: 2/7
  2771 | D:3      | Reached skill level 1 in Charms
  2935 | D:3      | Found a runed translucent door.
  2936 | D:3      | Noticed Crazy Yiuf
  2948 | D:3      | Reached skill level 4 in Ice Magic
  2948 | D:3      | Reached XP level 5. HP: 35/42 MP: 0/8
  3192 | D:3      | Found an iron altar of Okawaru.
  3710 | D:3      | Killed Crazy Yiuf
  3867 | D:4      | Found a runed translucent door.
  3868 | D:4      | Noticed Gynju's ghost (amateur DrTm)
  3875 | D:4      | Noticed an ogre
  3919 | D:3      | Killed an ogre
  3919 | D:3      | Reached XP level 6. HP: 17/51 MP: 7/9
  4450 | D:4      | Got a pitted graven amulet
  4572 | D:4      | Found a runed translucent door.
  4573 | D:4      | Noticed Ijyb
  4582 | D:4      | Reached skill level 1 in Evocations
  4593 | D:4      | Splashed by Ijyb's acid

Levels and vault maps discovered:
D:1:      dpeg_arrival_arbitrary_b, layout_rooms, grunt_decor_one_mirror,
          minmay_tromino_i2
D:2:      layout_basic, first_ration
D:3:      layout_basic, okawaru_gym_becter, uniq_crazy_yiuf_cottage
D:4:      layout_cave_pools, ebering_ghost_sewer_f, kennysheep_generic_room_6,
          uniq_ijyb

Skill      XL: |  1  2  3  4  5  6 |
---------------+-------------------+-----
Dodging        | 2 |  2.0
Stealth        | 2 3 |  3.0
Fighting       | 1 2 3 |  3.5
Charms         | 1 2 |  2.5
Ice Magic      | 4 |  4.5
Evocations     | 1 |  1.1
Spellcasting   | |  2.9
Conjurations   | |  1.7

Action                   |  1- 3 |  4- 6 || total
-------------------------+-------+-------++-------
Melee: Mace              |     9 |       ||     9
       Quarterstaff      |       |    40 ||    40
       Tailslap          |       |     2 ||     2
 Fire: Hunting sling     |     5 |    60 ||    65
Throw: Stone             |       |     3 ||     3
 Cast: Freeze            |    69 |    52 ||   121
       Throw Frost       |     1 |     1 ||     2
       Ozocubu's Armour  |       |     2 ||     2
Evoke: Wand              |       |     3 ||     3
  Use: Scroll            |       |     1 ||     1
 Stab: Sleeping          |     1 |       ||     1
  Eat: Chunk             |     6 |     7 ||    13
Armor: Skin              |    20 |    30 ||    50
Dodge: Dodged            |    29 |    63 ||    92

Table legend:
 A = Non-vault XP
 B = Vault XP
 C = Vault XP percentage of total XP
 D = Non-vault monster count
 E = Vault monster count
 F = Vault count percentage of total count
                 A         B        C        D         E       F
            +---------+---------+-------+---------+---------+-------
      Total |     667 |      40 |   5.7 |      83 |       2 |   2.4
            +---------+---------+-------+---------+---------+-------
        D:1 |      18 |       1 |   5.3 |      12 |       1 |   7.7
        D:2 |      47 |       0 |   0.0 |      17 |       0 |   0.0
        D:3 |     323 |      39 |  10.8 |      32 |       1 |   3.0
        D:4 |     279 |       0 |   0.0 |      22 |       0 |   0.0
            +---------+---------+-------+---------+---------+-------
